TOP OF THE 1ST |
Oakland Athletics batting - Pitching for Cleveland Spiders : RHP Vinny Mendoza
|
Pitching: RHP Vinny Mendoza
|
|
Batting: RHB Willie Randolph
|
0-0: Ball 1-0: SINGLE (Groundball, 34D, EV 103.1 MPH)
|
Batting: LHB Ruppert Jones
|
0-0: Ball 1-0: Called Strike 1-1: Foul Ball, location: 2F 1-2: Foul Ball, location: 2F 1-2: Foul Ball, location: 2F 1-2: Strikes out swinging
|
Batting: RHB Dave Henderson
|
0-0: Ball 1-0: Swinging Strike 1-1: Ball Willie Randolph steals 2nd base 2-1: Foul Ball, location: 2F 2-2: Ball 3-2: Strikes out swinging
|
Batting: RHB George Hendrick
|
0-0: Ball 1-0: Ball 2-0: Ball 3-0: Called Strike 3-1: SINGLE (Flyball, 78S, EV 93.8 MPH) Willie Randolph to third Runner from 3rd tries for Home, SAFE, throw by LF to home
|
Batting: LHB Reggie Jackson
|
0-0: Fly out, F8 (Flyball, 8LXD, EV 98.8 MPH)
|
Top of the 1st over - 1 run, 2 hits, 0 errors, 1 left on base; Oakland 1 - Cleveland 0 |
BOTTOM OF THE 1ST |
Cleveland Spiders batting - Pitching for Oakland Athletics : RHP Doug Bird
|
Pitching: RHP Doug Bird
|
|
Batting: RHB Tom Brunansky
|
0-0: Ball 1-0: Foul Ball, location: 2F 1-1: Ball 2-1: SINGLE (Line Drive, 4D, EV 98.8 MPH)
|
Batting: SHB Bump Wills
|
0-0: Swinging Strike 0-1: Foul Ball, location: 2F 0-2: Ball 1-2: Ground out 4-3 (Groundball, 34D, EV 101.3 MPH) Tom Brunansky to second
|
Batting: RHB Gary Gaetti
|
0-0: Called Strike Tom Brunansky steals 3rd base 0-1: Ball 1-1: Foul Ball, location: 2F 1-2: 2-RUN HOME RUN (Flyball, 89XD, EV 98.8 MPH), Distance : 414 ft
|
Batting: SHB Salvador Perez
|
0-0: Fly out, F8 (Flyball, 78M, EV 85.0 MPH)
|
Batting: RHB Clayton Elliott
|
0-0: Foul Ball, location: 2F 0-1: Ball 1-1: SOLO HOME RUN (Flyball, 7LD, EV 107.5 MPH), Distance : 357 ft
|
Batting: RHB Cressy Pratt
|
0-0: Ball 1-0: Foul Ball, location: 2F 1-1: Called Strike 1-2: Strikes out looking
|
Bottom of the 1st over - 3 runs, 3 hits, 0 errors, 0 left on base; Oakland 1 - Cleveland 3 |
TOP OF THE 2ND |
Oakland Athletics batting - Pitching for Cleveland Spiders : RHP Vinny Mendoza
|
Batting: LHB Ben Oglivie
|
0-0: Swinging Strike 0-1: Foul Ball, location: 2F 0-2: Strikes out looking
|
Batting: RHB Toby Harrah
|
0-0: Called Strike 0-1: Ball 1-1: Swinging Strike 1-2: Ball 2-2: Hit by Pitch
|
Batting: RHB Earl C Williams
|
0-0: Fly out, F4 (Popup, 3D, EV 53.1 MPH)
|
Batting: RHB Fred Andrews
|
0-0: Ball 1-0: Ball 2-0: Ball 3-0: Called Strike 3-1: Fly out, F9 (Flyball, 9, EV 88.8 MPH)
|
Top of the 2nd over - 0 runs, 0 hits, 0 errors, 1 left on base; Oakland 1 - Cleveland 3 |
BOTTOM OF THE 2ND |
Cleveland Spiders batting - Pitching for Oakland Athletics : RHP Doug Bird
|
Batting: RHB Alan Trammell
|
0-0: Called Strike 0-1: Ball 1-1: Foul Ball, location: 2F 1-2: Ball 2-2: Foul Ball, location: 2F 2-2: Ball 3-2: Ground out U3 (Groundball, 3, EV 105.0 MPH)
|
Batting: RHB Gene Tenace
|
0-0: Ball 1-0: Ball 2-0: Foul Ball, location: 2F 2-1: Ball 3-1: SOLO HOME RUN (Flyball, 89XD, EV 91.3 MPH), Distance : 398 ft
|
Batting: RHB Kevin Bell
|
0-0: Foul Ball, location: 2F 0-1: Ball 1-1: Fly out, F9 (Flyball, 9LM, EV 79.4 MPH)
|
Batting: RHB Tom Brunansky
|
0-0: Foul Ball, location: 2F 0-1: Ball 1-1: Ball 2-1: Foul Ball, location: 2F 2-2: Ground out 4-3 (Groundball, 4, EV 81.3 MPH)
|
Bottom of the 2nd over - 1 run, 1 hit, 0 errors, 0 left on base; Oakland 1 - Cleveland 4 |
TOP OF THE 3RD |
Oakland Athletics batting - Pitching for Cleveland Spiders : RHP Vinny Mendoza
|
Batting: RHB Willie Randolph
|
0-0: Called Strike 0-1: Swinging Strike 0-2: Ball 1-2: Strikes out looking
|
Batting: LHB Ruppert Jones
|
0-0: Ball 1-0: Called Strike 1-1: Ball 2-1: Ball 3-1: Foul Ball, location: 2F 3-2: Strikes out swinging
|
Batting: RHB Dave Henderson
|
0-0: Swinging Strike 0-1: Called Strike 0-2: Ball 1-2: Ball 2-2: Strikes out swinging
|
Top of the 3rd over - 0 runs, 0 hits, 0 errors, 0 left on base; Oakland 1 - Cleveland 4 |
BOTTOM OF THE 3RD |
Cleveland Spiders batting - Pitching for Oakland Athletics : RHP Doug Bird
|
Batting: SHB Bump Wills
|
0-0: Ball 1-0: Swinging Strike 1-1: Ball 2-1: Foul Ball, location: 2F 2-2: Ground out 4-3 (Groundball, 4, EV 83.1 MPH)
|
Batting: RHB Gary Gaetti
|
0-0: Ball 1-0: Foul Ball, location: 2F 1-1: SINGLE (Flyball, 8LS, EV 88.8 MPH)
|
Batting: SHB Salvador Perez
|
0-0: Called Strike Gary Gaetti steals 2nd base 0-1: Called Strike 0-2: Fly out, F8 (Flyball, 8RM, EV 90.0 MPH)
|
Batting: RHB Clayton Elliott
|
0-0: Ball 1-0: Foul Ball, location: 2F 1-1: Called Strike 1-2: Ball 2-2: Strikes out swinging
|
Bottom of the 3rd over - 0 runs, 1 hit, 0 errors, 1 left on base; Oakland 1 - Cleveland 4 |
TOP OF THE 4TH |
Oakland Athletics batting - Pitching for Cleveland Spiders : RHP Vinny Mendoza
|
Batting: RHB George Hendrick
|
0-0: Foul Ball, location: 2F 0-1: Ball 1-1: Foul Ball, location: 2F 1-2: Strikes out swinging
|
Batting: LHB Reggie Jackson
|
0-0: Called Strike 0-1: Ball 1-1: Hit by Pitch
|
Batting: LHB Ben Oglivie
|
0-0: Ball 1-0: Ball 2-0: Ball 3-0: Base on Balls Reggie Jackson to second
|
Batting: RHB Toby Harrah
|
0-0: Swinging Strike 0-1: Ball Reggie Jackson is caught stealing 3rd base 2-5 Ben Oglivie to second 1-1: Foul Ball, location: 2F 1-2: Foul Ball, location: 2F 1-2: Strikes out swinging
|
Top of the 4th over - 0 runs, 0 hits, 0 errors, 1 left on base; Oakland 1 - Cleveland 4 |
BOTTOM OF THE 4TH |
Cleveland Spiders batting - Pitching for Oakland Athletics : RHP Doug Bird
|
Batting: RHB Cressy Pratt
|
0-0: Called Strike 0-1: Ground out 6-3 (Groundball, 6, EV 89.4 MPH)
|
Batting: RHB Alan Trammell
|
0-0: Ball 1-0: Ball 2-0: Called Strike 2-1: Ball 3-1: Foul Ball, location: 2F 3-2: Fly out, F8 (Flyball, 8RD, EV 95.0 MPH)
|
Batting: RHB Gene Tenace
|
0-0: Foul Ball, location: 2F 0-1: Swinging Strike 0-2: Ball 1-2: Ball 2-2: Strikes out swinging
|
Bottom of the 4th over - 0 runs, 0 hits, 0 errors, 0 left on base; Oakland 1 - Cleveland 4 |
TOP OF THE 5TH |
Oakland Athletics batting - Pitching for Cleveland Spiders : RHP Vinny Mendoza
|
Batting: RHB Earl C Williams
|
0-0: Ball 1-0: Called Strike 1-1: Called Strike 1-2: Foul Ball, location: 2F 1-2: Strikes out swinging
|
Batting: RHB Fred Andrews
|
0-0: Called Strike 0-1: Foul Ball, location: 2F 0-2: Strikes out swinging
|
Batting: RHB Willie Randolph
|
0-0: Called Strike 0-1: DOUBLE (Line Drive, 8LD, EV 106.9 MPH)
|
Batting: LHB Ruppert Jones
|
0-0: Ball 1-0: Foul Ball, location: 2F 1-1: Called Strike 1-2: Strikes out swinging
|
Top of the 5th over - 0 runs, 1 hit, 0 errors, 1 left on base; Oakland 1 - Cleveland 4 |
BOTTOM OF THE 5TH |
Cleveland Spiders batting - Pitching for Oakland Athletics : RHP Doug Bird
|
Batting: RHB Kevin Bell
|
0-0: Ball 1-0: Ball 2-0: Fly out, F9 (Line Drive, 9, EV 88.1 MPH)
|
Batting: RHB Tom Brunansky
|
0-0: Ball 1-0: Fly out, F9 (Flyball, 9D, EV 85.0 MPH)
|
Batting: SHB Bump Wills
|
0-0: Ball 1-0: Called Strike 1-1: SINGLE (Groundball, 4D, EV 102.5 MPH)
|
Batting: RHB Gary Gaetti
|
0-0: Called Strike Bump Wills steals 2nd base 0-1: Called Strike 0-2: Ball 1-2: Ball 2-2: Foul Ball, location: 2F 2-2: SINGLE (Line Drive, 8LM, EV 86.9 MPH) Bump Wills to third Runner from 3rd tries for Home, SAFE, throw by CF to home
|
Batting: SHB Salvador Perez
|
0-0: Called Strike 0-1: Ball 1-1: Ground out 4-3 (Groundball, 34, EV 93.1 MPH)
|
Bottom of the 5th over - 1 run, 2 hits, 0 errors, 1 left on base; Oakland 1 - Cleveland 5 |
TOP OF THE 6TH |
Oakland Athletics batting - Pitching for Cleveland Spiders : RHP Vinny Mendoza
|
Batting: RHB Dave Henderson
|
0-0: Ball 1-0: Hit by Pitch
|
Batting: RHB George Hendrick
|
0-0: Ball 1-0: Fly out, F9 (Flyball, 9LD, EV 110.0 MPH)
|
Batting: LHB Reggie Jackson
|
0-0: Called Strike Pickoff Throw to First - Out! 1-3 0-1: Fly out, F4 (Line Drive, 4, EV 66.3 MPH)
|
Top of the 6th over - 0 runs, 0 hits, 0 errors, 0 left on base; Oakland 1 - Cleveland 5 |
BOTTOM OF THE 6TH |
Cleveland Spiders batting - Pitching for Oakland Athletics : RHP Doug Bird
|
Batting: RHB Clayton Elliott
|
0-0: Ball 1-0: Called Strike 1-1: Foul Ball, location: 2F 1-2: Ball 2-2: Fly out, F8 (Flyball, 78D, EV 92.5 MPH)
|
Batting: RHB Cressy Pratt
|
0-0: Called Strike 0-1: SINGLE (Groundball, 6M, EV 76.9 MPH) (infield hit)
|
Batting: RHB Alan Trammell
|
0-0: SINGLE (Line Drive, 56, EV 96.3 MPH) Cressy Pratt to second
|
Batting: RHB Gene Tenace
|
0-0: Grounds into double play, 4-6-3 (Groundball, 4, EV 91.3 MPH)
|
Bottom of the 6th over - 0 runs, 2 hits, 0 errors, 1 left on base; Oakland 1 - Cleveland 5 |
TOP OF THE 7TH |
Oakland Athletics batting - Pitching for Cleveland Spiders : RHP Vinny Mendoza
|
Batting: LHB Ben Oglivie
|
0-0: Called Strike 0-1: Swinging Strike 0-2: Ball 1-2: Foul Ball, location: 2F 1-2: Strikes out looking
|
Batting: RHB Toby Harrah
|
0-0: Foul Ball, location: 2F 0-1: SINGLE (Flyball, 6MD, EV 84.4 MPH)
|
Batting: RHB Earl C Williams
|
0-0: Called Strike 0-1: Ball 1-1: Swinging Strike 1-2: Foul Ball, location: 2F 1-2: Foul Ball, location: 2F 1-2: Foul Ball, location: 2F 1-2: Strikes out looking
|
Batting: RHB Fred Andrews
|
0-0: Ball 1-0: Foul Ball, location: 2F 1-1: Ball 2-1: DOUBLE (Line Drive, 9LM, EV 103.8 MPH) Toby Harrah to third Runner from 3rd tries for Home, SAFE, throw by RF to trailing runner, OUT at third! 9-3-5
|
Top of the 7th over - 1 run, 2 hits, 0 errors, 0 left on base; Oakland 2 - Cleveland 5 |
BOTTOM OF THE 7TH |
Cleveland Spiders batting - Pitching for Oakland Athletics : RHP Doug Bird
|
Pitching: LHP Bob Knepper
|
|
Batting: RHB Kevin Bell
|
0-0: Fly out, F9 (Flyball, 89S, EV 92.5 MPH)
|
Batting: RHB Tom Brunansky
|
0-0: Foul Ball, location: 2F 0-1: Foul Ball, location: 2F 0-2: Ball 1-2: Fly out, F7 (Flyball, 7, EV 86.3 MPH)
|
Batting: SHB Bump Wills
|
0-0: Ground out 5-3 (Groundball, 56S, EV 81.9 MPH)
|
Bottom of the 7th over - 0 runs, 0 hits, 0 errors, 0 left on base; Oakland 2 - Cleveland 5 |
TOP OF THE 8TH |
Oakland Athletics batting - Pitching for Cleveland Spiders : RHP Vinny Mendoza
|
Batting: RHB Willie Randolph
|
0-0: Fly out, F4 (Line Drive, 4, EV 57.5 MPH)
|
Batting: LHB Ruppert Jones
|
0-0: Ball 1-0: Foul Ball, location: 2F 1-1: Ball 2-1: Ball 3-1: Called Strike 3-2: Fly out, F6 (Line Drive, 6, EV 64.4 MPH)
|
Batting: RHB Dave Henderson
|
0-0: Ball 1-0: Foul Ball, location: 2F 1-1: Swinging Strike 1-2: Ball 2-2: Strikes out swinging
|
Top of the 8th over - 0 runs, 0 hits, 0 errors, 0 left on base; Oakland 2 - Cleveland 5 |
BOTTOM OF THE 8TH |
Cleveland Spiders batting - Pitching for Oakland Athletics : LHP Bob Knepper
|
Batting: RHB Gary Gaetti
|
0-0: Called Strike 0-1: Foul Ball, location: 2F 0-2: Ball 1-2: Foul Ball, location: 2F 1-2: Fly out, F8 (Flyball, 78XD, EV 101.9 MPH)
|
Batting: SHB Salvador Perez
|
0-0: Ball 1-0: Called Strike 1-1: Swinging Strike 1-2: Strikes out looking
|
Batting: RHB Clayton Elliott
|
0-0: Ball 1-0: Ball 2-0: Ball 3-0: Base on Balls
|
Batting: RHB Cressy Pratt
|
0-0: Ball 1-0: Swinging Strike 1-1: Ball 2-1: Called Strike 2-2: Strikes out swinging
|
Bottom of the 8th over - 0 runs, 0 hits, 0 errors, 1 left on base; Oakland 2 - Cleveland 5 |
TOP OF THE 9TH |
Oakland Athletics batting - Pitching for Cleveland Spiders : RHP Vinny Mendoza
|
Batting: RHB George Hendrick
|
0-0: Ball 1-0: Foul Ball, location: 2F 1-1: Fly out, F9 (Flyball, 9LM, EV 76.3 MPH)
|
Batting: LHB Reggie Jackson
|
0-0: Ball 1-0: Swinging Strike 1-1: Ball 2-1: Ball 3-1: Base on Balls
|
Pitching: RHP Omar Huaman
|
|
Batting: LHB Ben Oglivie
|
0-0: Swinging Strike 0-1: Grounds into double play, 4-6-3 (Groundball, 4, EV 90.6 MPH)
|
Top of the 9th over - 0 runs, 0 hits, 0 errors, 0 left on base; Oakland 2 - Cleveland 5 |
|